Unix NetHack Version 3.7.0-101 Work-in-progress - last build Mar 4 2024 02:26:32 (3c4ac04b664b9ee0831c739617f054b5b60dbfd1,branch:master). Game began 2024-03-08 17:20:43, ended 2024-03-08 18:14:06. spontiff, neutral male gnomish Healer --- --- |*. -.. --..----- ---- .. |.......----..--d- |....0.......oa@.| -.............).d..| ----...........x...| -..|...........-- ...----........-- ... |.k......| |(. ---......- |. ----.....| -- -----.| -- Spontiff the Rhizotomist St:9 Dx:8 Co:15 In:12 Wi:16 Ch:17 Neutral S:389 Dlvl:7 $:1142 HP:0(20) Pw:0(5) AC:8 Xp:1/0 T:2614 Burdened Latest messages: You see here a bullwhip. b - a bullwhip. What do you want to eat? [ny or ?*] y Core dumped. What do you want to eat? [ny or ?*] y Core dumped. What do you want to eat? [ny or ?*] y Core dumped. What do you want to eat? [ny or ?*] y Core dumped. You see here an empty broken large box. The large dog bites the yellow mold. The large dog bites the yellow mold. The yellow mold is killed! The gecko bites! N - an emerald potion. Suddenly, the large dog falls through a trap door. You escape a trap door. You fall down a deep shaft! In what direction? . You feel better. You hear some noises in the distance. The hobgoblin throws a crude dagger! You are hit by a crude dagger. The hobgoblin picks up a crude dagger. The hobgoblin throws a crude dagger! A crude dagger misses you. The hill orc picks up a crude dagger. The hill orc wields a crude dagger! The coyote misses! The air crackles around Thosaunog of Aiakhai. The coyote bites! You have a little trouble lifting an emerald potion. Continue? [ynq] (q) y You have a little trouble lifting N - an emerald potion (2 in total). Your movements are slowed slightly because of your load. What do you want to drop? [$abg-km-tv-yAC-EG-KMNP-WZ or ?*] K You drop an uncursed +0 scalpel. The giant ant bites! The kobold shaman casts a spell! The kobold shaman is suddenly moving faster. The giant ant bites! The coyote misses! The giant ant bites! The coyote bites! The coyote bites! The giant ant bites! The coyote bites! You die... Do you want your possessions identified? [ynq] (y) y Do you want to see the dungeon overview? [ynq] (y) q Inventory: Coins $ - 1142 gold pieces Amulets A - an uncursed amulet of unchanging (being worn) Weapons W - a blessed +0 dart k - an uncursed +0 orcish dagger b - a cursed +2 bullwhip Armor h - an uncursed +0 orcish helm (being worn) g - an uncursed burnt +1 pair of leather gloves (being worn) Comestibles y - an uncursed apple n - 5 uncursed food rations Scrolls q - an uncursed scroll of confuse monster I - an uncursed scroll of create monster p - 2 uncursed scrolls of identify i - an uncursed scroll of magic mapping o - a blessed scroll of stinking cloud Spellbooks P - an uncursed spellbook of light Potions C - 4 uncursed potions of extra healing N - 2 uncursed potions of fruit juice U - an uncursed potion of gain ability G - a blessed potion of object detection r - an uncursed potion of water named !c Rings R - an uncursed ring of slow digestion named !c Wands Q - an uncursed wand of lightning (0:5) S - an uncursed wand of sleep (0:5) Tools Z - an empty cursed sack x - an uncursed brass lantern m - a cursed magic marker (0:44) s - an uncursed stethoscope J - an uncursed tinning kit (0:45) Gems/Stones D - an uncursed amethyst stone E - a cursed emerald v - an uncursed sapphire t - an uncursed worthless piece of blue glass H - an uncursed worthless piece of green glass M - 2 uncursed worthless pieces of red glass T - an uncursed worthless piece of violet glass w - 2 uncursed worthless pieces of white glass a - a cursed worthless piece of yellow glass V - an uncursed worthless piece of yellowish brown glass j - an uncursed touchstone Spontiff the Healer's attributes: Background: You were a Rhizotomist, a level 1 male gnomish Healer. You were neutral, on a mission for Hermes who was opposed by Athena (lawful) and Poseidon (chaotic). You were left-handed. You were in the Gnomish Mines, on level 7. You entered the dungeon 2614 turns ago. You had 0 experience points, 20 were needed to attain level 2. Your score was 389 before end-of-game adjustments. Basics: You had 0 out of 20 hit points. You had 0 out of 5 energy points (spell power). Your armor class was 8. Your wallet contained 1142 zorkmids. Autopickup was on for '$!/="?' plus thrown, with exceptions. Final Characteristics: Your strength was 9 (limit:18/50). Your dexterity was 8 (limit:18). Your constitution was 15 (limit:18). Your intelligence was 12 (limit:19). Your wisdom was 16 (limit:18). Your charisma was 17 (limit:18). Final Status: You weren't hungry. You were burdened; movement was slightly slowed. You were empty handed. You were unskilled in bare handed combat. Final Attributes: You were devoutly aligned. You were poison resistant. You had infravision. You couldn't change from your current form. You are dead. Miscellaneous: You encountered 1 bones level. Total elapsed playing time was 53 minutes and 23 seconds. Major events: Turn 1: spontiff the neutral male gnomish Healer entered the dungeon 750: entered the Gnomish Mines 1919: reached Mine Town 2614: killed by a coyote Vanquished creatures: a dwarf leader a shrieker a kitten 3 dwarves a kobold leader 3 hill orcs a werejackal 2 iguanas an acid blob a gas spore 2 manes 2 large kobolds 2 yellow molds a green mold a red mold 2 gnomes 2 gnome zombies 2 geckos 9 jackals 2 foxes 2 kobolds 4 goblins 2 grid bugs a bat 3 lichens 2 kobold zombies 6 newts 60 creatures vanquished. No species were genocided or became extinct. Voluntary challenges: You never hit with a wielded weapon. You were a pacifist. You were illiterate. You never engraved Elbereth. You never genocided any monsters. You never polymorphed an object. You never changed form. You used no wishes. Achievements: You entered the Gnomish Mines. You entered Minetown. The Dungeons of Doom: levels 1 to 3 Level 1: Level 2: A fountain. Stairs down to The Gnomish Mines. Level 3: The Gnomish Mines: levels 3 to 7 Level 3: "magic traps" Level 4: A grave. Final resting place for elenmirie-Arc-Gno-Fem-Neu, killed by a werejackal. Level 5: An altar, a fountain. Level 7: <- You were here. Final resting place for you, killed by a coyote. Game over: ---------- / \ / REST \ / IN \ / PEACE \ / \ | spontiff | | 1142 Au | | killed by a | | coyote | | | | | | 2024 | *| * * * | * _________)/\\_//(\/(/\)/\//\/|_)_______ Goodbye spontiff the Healer... You died in The Gnomish Mines on dungeon level 7 with 381 points, and 1142 pieces of gold, after 2614 moves. You were level 1 with a maximum of 20 hit points when you died.